[Event "75th Argentine Women-ch 2024"]
[Site "Buenos Aires"]
[Date "2024.11.22"]
[Round "2.1"]
[White "Campos, Maria Jose"]
[Black "Gaite, Karen Nerina"]
[Result "1-0"]
[ECO "E06"]
[WhiteElo "2272"]
[BlackElo "1997"]
[Annotator "RC"]
[PlyCount "57"]
[EventDate "2024.11.21"]
[EventType "swiss"]
[EventCountry "ARG"]
[SourceTitle "playchess.com"]
[Source "ChessBase"]
[SourceQuality "1"]
[TimeControl "5400+30"]

1. c4 e6 2. Nf3 Nf6 3. g3 d5 4. d4 Be7 5. Bg2 O-O 6. O-O a5 7. Nc3 dxc4 8. Ne5 Nc6 9. Nxc6 bxc6 10. Qa4 Rb8 11. Rd1 Nd5 12. Qxc4 Rb6 13. Ne4 Ba6 14. Qc2 Nb4 15. Qd2 f5 16. Nc3 Nd5 17. Na4 Rb8 18. Bf3 Bb5 19. Nc3 Bb4 20. Qc2 Bxc3 21. bxc3 Bc4 22. Ba3 Re8 23. e4 Ne7 24. exf5 exf5 25. Bxe7 Qxe7 26. Bxc6 Qe2 27. Rd2 Qh5 28. Qa4 Re2 29. Qxc4+ 1-0

[Event "75th Argentine Women-ch 2024"]
[Site "Buenos Aires"]
[Date "2024.11.23"]
[Round "2.2"]
[White "Zuriel, Marisa"]
[Black "Nejanky, Maisa"]
[Result "0-1"]
[ECO "B80"]
[WhiteElo "2163"]
[BlackElo "1928"]
[Annotator "RC"]
[PlyCount "104"]
[EventDate "2024.11.21"]
[EventType "swiss"]
[EventCountry "ARG"]
[SourceTitle "playchess.com"]
[Source "ChessBase"]
[SourceQuality "1"]
[TimeControl "5400+30"]

1. e4 c5 2. Nf3 d6 3. d4 cxd4 4. Nxd4 Nf6 5. Nc3 Nc6 6. f3 a6 7. Be3 e6 8. Qd2 Qc7 9. O-O-O Be7 10. g4 Na5 11. g5 Nd7 12. Nf5 exf5 13. Nd5 Qd8 14. Nxe7 Qxe7 15. Qxa5 fxe4 16. f4 O-O 17. Qd5 Nb8 18. Qxd6 Qxd6 19. Rxd6 Nc6 20. Bg2 Re8 21. Re1 Bg4 22. Bb6 Bf5 23. Rd5 g6 24. a3 Rac8 25. Re3 h6 26. gxh6 Kh7 27. Rc5 Re6 28. Rc4 Rce8 29. Bd4 b5 30. Rxc6 Rxc6 31. Bg7 Rd6 32. Be5 Rde6 33. Bg7 Rc6 34. c3 f6 35. Bf1 Rd8 36. Be2 Kg8 37. h4 Rd7 38. h5 gxh5 39. Bxh5 Rd3 40. Re1 Rg3 41. Bd1 Kh7 42. Bc2 Re6 43. a4 Rg4 44. axb5 axb5 45. Rf1 Rd6 46. Bf8 Rd7 47. Bg7 Ra7 48. Kb1 Ra6 49. Bf8 Rg2 50. Re1 Rg8 51. Bg7 Re8 52. Rg1 Rea8 0-1

[Event "75th Argentine Women-ch 2024"]
[Site "Buenos Aires"]
[Date "2024.11.23"]
[Round "2.3"]
[White "Bosco, Giuliana"]
[Black "Adam, Ernestina"]
[Result "0-1"]
[ECO "B88"]
[WhiteElo "1953"]
[BlackElo "2154"]
[Annotator "RC"]
[PlyCount "96"]
[EventDate "2024.11.21"]
[EventType "swiss"]
[EventCountry "ARG"]
[SourceTitle "playchess.com"]
[Source "ChessBase"]
[SourceQuality "1"]
[TimeControl "5400+30"]

1. e4 c5 2. Nc3 Nc6 3. Nge2 d6 4. d4 cxd4 5. Nxd4 Nf6 6. Bc4 e6 7. Be3 a6 8. f3 Qc7 9. Bb3 Be7 10. Qd2 O-O 11. O-O-O Na5 12. g4 b5 13. g5 Nxb3+ 14. Nxb3 Nd7 15. Qd4 Ne5 16. f4 Nc4 17. Bf2 Bd7 18. h4 b4 19. Ne2 Rfc8 20. Kb1 e5 21. fxe5 Bg4 22. exd6 Bxd6 23. Qd3 Rd8 24. Nbd4 Rac8 25. h5 Be5 26. Rh4 Bxd4 27. Nxd4 Bxd1 28. Qxd1 Qe5 29. g6 fxg6 30. hxg6 h6 31. Ka1 Qf6 32. Qg4 Rc7 33. Rh1 Rcd7 34. c3 bxc3 35. bxc3 Qxf2 36. Qe6+ Kh8 37. Qxc4 Rb8 38. Nb3 a5 39. Qe6 Rbd8 40. Qg4 Qc2 41. Rc1 Rd1 42. Qf4 Qxc3+ 43. Kb1 Rxc1+ 44. Qxc1 Qb4 45. Qc5 Qxe4+ 46. Kb2 a4 47. Qc7 Re8 48. Nc5 Qb4+ 0-1

[Event "75th Argentine Women-ch 2024"]
[Site "Buenos Aires"]
[Date "2024.11.22"]
[Round "2.4"]
[White "Brizzi, Milagros Tatiana"]
[Black "Herrera, Solange"]
[Result "1-0"]
[ECO "A04"]
[WhiteElo "2114"]
[BlackElo "1880"]
[Annotator "RC"]
[PlyCount "71"]
[EventDate "2024.11.21"]
[EventType "swiss"]
[EventCountry "ARG"]
[SourceTitle "playchess.com"]
[Source "ChessBase"]
[SourceQuality "1"]
[TimeControl "5400+30"]

1. e4 e6 2. d3 c5 3. Nf3 Nc6 4. g3 g6 5. Bg2 Bg7 6. O-O Nge7 7. c3 O-O 8. d4 cxd4 9. cxd4 d5 10. e5 f6 11. Re1 Nf5 12. Nc3 Qb6 13. Na4 Qc7 14. exf6 Bxf6 15. Bf4 Qd8 16. Be5 Bxe5 17. dxe5 Bd7 18. Nc5 b6 19. Nd3 Rc8 20. Rc1 Qe7 21. Qd2 Nfd4 22. Nxd4 Nxd4 23. Nf4 Nf5 24. h4 Rc5 25. b4 Rcc8 26. a3 Bb5 27. Rxc8 Rxc8 28. Nxe6 Bd7 29. Nf4 d4 30. Nd5 Qe6 31. Nf6+ Kg7 32. Bd5 Qe7 33. h5 Be6 34. g4 Bxd5 35. Nxd5 Qe6 36. Nf4 1-0

[Event "75th Argentine Women-ch 2024"]
[Site "Buenos Aires"]
[Date "2024.11.23"]
[Round "2.5"]
[White "Maggiolo, Elisa"]
[Black "Amura, Claudia"]
[Result "1-0"]
[ECO "B33"]
[WhiteElo "1922"]
[BlackElo "2183"]
[Annotator "RC"]
[PlyCount "123"]
[EventDate "2024.11.21"]
[EventType "swiss"]
[EventCountry "ARG"]
[SourceTitle "playchess.com"]
[Source "ChessBase"]
[SourceQuality "1"]
[TimeControl "5400+30"]

1. e4 c5 2. Nf3 Nc6 3. d4 cxd4 4. Nxd4 e5 5. Nb5 d6 6. N1c3 a6 7. Na3 b5 8. Nd5 Nf6 9. Bg5 Qa5+ 10. c3 Nxd5 11. Qxd5 Bb7 12. Nc2 Qc7 13. Qd2 Be7 14. a4 O-O 15. Bd3 Na5 16. Bxe7 Qxe7 17. Qe2 Nb3 18. Rd1 bxa4 19. Ne3 g6 20. Qg4 Kh8 21. h4 h5 22. Qf3 f5 23. Qe2 f4 24. Nd5 Bxd5 25. exd5 Rf6 26. Bxa6 Nc5 27. Bd3 e4 28. Bc2 Rb8 29. Bb1 f3 30. gxf3 Rxf3 31. Rd4 Rf4 32. Rb4 Rbf8 33. Qe3 Kh7 34. Rh2 Qe5 35. Qd4 Qe7 36. Qe3 R8f5 37. Bc2 Rxh4 38. Rxh4 Qxh4 39. Bxe4 Nxe4 40. Rxe4 Qh1+ 41. Ke2 Rf7 42. c4 Qb1 43. Re7 Qxb2+ 44. Kf1 Qf6 45. Re6 Qa1+ 46. Kg2 a3 47. Rxd6 Qb2 48. Rb6 Qc2 49. Ra6 a2 50. Qd4 Qe2 51. Ra8 Qf3+ 52. Kg1 g5 53. Rxa2 Rb7 54. Rb2 Re7 55. Rb1 h4 56. Qd1 Qf5 57. d6 Rf7 58. Rb2 Kh6 59. Qd4 g4 60. Rb5 Qg6 61. d7 g3 62. Qxh4+ 1-0

[Event "75th Argentine Women-ch 2024"]
[Site "Buenos Aires"]
[Date "2024.11.23"]
[Round "2.6"]
[White "Ramirez, Marysol"]
[Black "Montiel Marin, Micaela Agustina"]
[Result "1-0"]
[ECO "A45"]
[WhiteElo "1824"]
[BlackElo "1880"]
[Annotator "NA RC"]
[PlyCount "84"]
[EventDate "2024.11.21"]
[EventType "swiss"]
[EventCountry "ARG"]
[SourceTitle "playchess.com"]
[Source "ChessBase"]
[SourceQuality "1"]
[TimeControl "5400+30"]

1. d4 Nf6 2. Bf4 c5 3. e3 Qb6 4. Na3 d5 5. Nb5 Na6 6. a4 Qa5+ 7. c3 c4 8. b4 Qb6 9. Nf3 Ne4 10. Ne5 Bf5 11. f3 Nf6 12. e4 dxe4 13. Bxc4 e6 14. a5 Qd8 15. Qa4 Nd7 16. Na3 Nab8 17. g4 Bg6 18. Nb5 Qf6 $18 (18... Qc8 19. Nxg6 hxg6) 19. Bg3 Kd8 20. Nc7 Nxe5 21. Bxe5 Qe7 22. Nxa8 Nc6 23. Bg3 Qg5 24. O-O exf3 25. Rxf3 Qxg4 26. Rf4 Qg5 27. Kf2 Qh6 28. a6 Bd6 29. Rf3 Bxg3+ 30. hxg3 Qh2+ 31. Ke1 Qg1+ 32. Bf1 Be4 33. Rf2 Qxg3 34. Qa3 Kd7 35. axb7 Rb8 36. c4 Qh4 37. b5 Nxd4 38. Rd1 e5 39. Rxd4+ exd4 40. Qxa7 Rxb7 41. Qxd4+ Kc8 42. Qc5+ Kd7 1-0

[Event "75th Argentine Women-ch 2024"]
[Site "Buenos Aires"]
[Date "2024.11.23"]
[Round "2.7"]
[White "Quiroga Ortiz, Isabella"]
[Black "Bossero, Ingrid"]
[Result "1/2-1/2"]
[ECO "C86"]
[WhiteElo "1508"]
[BlackElo "1694"]
[Annotator "NA RC"]
[PlyCount "109"]
[EventDate "2024.11.21"]
[EventType "swiss"]
[EventCountry "ARG"]
[SourceTitle "playchess.com"]
[Source "ChessBase"]
[SourceQuality "1"]
[TimeControl "5400+30"]

1. e4 e5 2. Nf3 Nc6 3. Bb5 a6 4. Ba4 Nf6 5. Qe2 b5 6. Bb3 Be7 7. O-O O-O 8. c3 d6 9. d3 Bg4 10. Nbd2 Qd7 11. Rd1 Rad8 12. Nf1 d5 13. Ne3 d4 14. Nxg4 Qxg4 15. cxd4 Nxd4 16. Nxd4 Rxd4 17. Qxg4 Nxg4 18. h3 Nf6 19. Be3 Rd7 20. Rac1 Rfd8 21. Kf1 h6 22. Ke2 Ne8 23. Bd5 Bd6 24. Rc6 Nf6 25. Rxa6 Nxd5 26. exd5 Bf8 27. Rc6 b4 28. b3 Ra8 29. Rd2 Ra5 30. Rdc2 Raxd5 31. Rxc7 Rxd3 32. Rxd7 Rxd7 33. Rc8 Rd5 34. Rb8 Ra5 35. Ke1 f6 36. Bd2 Kf7 37. Bxb4 Bxb4+ 38. Rxb4 Rxa2 39. Rb7+ Kf8 40. Kf1 e4 41. g4 Rb2 42. Rb8+ Kf7 43. Rb7+ Kf8 44. Rb4 Kf7 45. Rb7+ Kf8 46. Rb4 Kf7 47. Rxe4 Rxb3 48. Re3 Rb2 49. Kg2 Rb1 50. Re2 Rb3 51. Re3 Rb1 52. f4 Rb2+ 53. Kg3 Rb4 54. Kf3 g6 55. Kg3 1/2-1/2

[Event "75th Argentine Women-ch 2024"]
[Site "Buenos Aires"]
[Date "2024.11.22"]
[Round "2.9"]
[White "Macuri, Genesis"]
[Black "Palomares, Lujan"]
[Result "0-1"]
[ECO "D02"]
[WhiteElo "1449"]
[BlackElo "1633"]
[Annotator "NA RC"]
[PlyCount "90"]
[EventDate "2024.11.21"]
[EventType "swiss"]
[EventCountry "ARG"]
[SourceTitle "playchess.com"]
[Source "ChessBase"]
[SourceQuality "1"]
[TimeControl "5400+30"]

1. d4 c6 2. Nf3 d5 3. g3 Nf6 4. Bg2 Bg4 5. Nbd2 Nbd7 6. O-O e6 7. b3 Bd6 8. Bb2 Qc7 9. Ne5 Nxe5 10. dxe5 Bxe5 11. Bxe5 Qxe5 12. Nf3 Qc3 13. e3 O-O 14. Qd2 Qxd2 15. Nxd2 Bf5 16. c4 Rad8 17. cxd5 exd5 18. a4 Rfe8 19. h4 Ne4 20. Nxe4 Bxe4 21. Bxe4 dxe4 22. f4 Rd3 23. Kf2 Red8 24. b4 Rd2+ 25. Kg1 f5 26. b5 c5 27. Rac1 b6 28. Rf2 Kf7 29. Rxd2 Rxd2 30. h5 Ra2 31. Rc4 Ke6 32. Kh1 Kd5 33. Rc1 Rd2 34. Rg1 c4 35. g4 c3 36. h6 gxh6 37. gxf5 c2 38. f6 Rd1 39. f7 Rxg1+ 40. Kxg1 c1=Q+ 41. Kg2 Qc8 42. Kg3 Qf8 43. Kg4 Qxf7 44. f5 Qg7+ 45. Kf4 Qg5# 0-1

[Event "75th Argentine Women-ch 2024"]
[Site "Buenos Aires"]
[Date "2024.11.22"]
[Round "2.10"]
[White "Perez Lascano, Lucila"]
[Black "Perez Mosqueda, Valeria Ritzabeth"]
[Result "1-0"]
[ECO "C06"]
[WhiteElo "1593"]
[BlackElo "1476"]
[Annotator "NA RC"]
[PlyCount "87"]
[EventDate "2024.11.21"]
[EventType "swiss"]
[EventCountry "ARG"]
[SourceTitle "playchess.com"]
[Source "ChessBase"]
[SourceQuality "1"]
[TimeControl "5400+30"]

1. e4 e6 2. d4 d5 3. Nd2 Nf6 4. e5 Nfd7 5. Bd3 c5 6. c3 Nc6 7. Ngf3 Qb6 8. O-O Be7 9. Qa4 O-O 10. Bb5 a6 11. Bd3 h6 12. Re1 Rd8 13. Nf1 Nf8 14. Qc2 cxd4 15. cxd4 Nd7 16. Be3 Nb4 17. Bh7+ Kh8 18. Qb1 Nf8 19. Bd3 Nxd3 20. Qxd3 Ng6 21. Qd2 Bb4 22. Qc2 Bxe1 23. Rxe1 Kg8 24. Ng3 Qc6 25. Qd2 Qe8 26. Nh5 Qf8 27. Nxg7 Qxg7 28. Bxh6 Qh7 29. Qg5 Bd7 30. h4 Kh8 31. Qf6+ Kg8 32. Qg5 Kh8 33. h5 Re8 34. Qf6+ Kg8 35. hxg6 Qxg6 36. Qxg6+ fxg6 37. Ng5 Rac8 38. Rd1 Rc2 39. Rd3 Rxb2 40. Rf3 Kh8 41. Rf7 Bb5 42. Rh7+ Kg8 43. Rg7+ Kf8 44. Nh7# 1-0